 Dungeon Crawl Stone Soup version 0.27-a0-1242-ge70438ac7b (webtiles) character file.

Game seed: 13268925424117297686

221 Glokmah the Ruffian (level 5, 0/53 HPs)
             Began as a Troll Monk on June 9, 2021.
             Was a Believer of Wu Jian.
             Slain by a gnoll zombie (1 damage)
             ... in an ossuary.
             The game lasted 00:04:26 (2798 turns).

Glokmah the Ruffian (Troll Monk)                    Turns: 2798, Time: 00:04:29

Health: 0/53       AC:  4    Str: 17 (20) XL:     5   Next: 65%
Magic:  5/5        EV: 10    Int:  3 (6)  God:    Wu Jian [**....]
Gold:   106        SH:  0    Dex: 11 (12) Spells: 3/5 levels left

rFire    . . .     SeeInvis .     - Unarmed
rCold    . . .     Faith    .   (no shield)
rNeg     . . .     Spirit   .   a - +0 robe
rPois    .         Reflect  .   (helmet restricted)
rElec    .         Harm     .   c - scarf {repulsion}
rCorr    .         Rampage  .   (gloves unavailable)
Will     .....                  (boots unavailable)
Stlth    +.........             (no amulet)
HPRegen  1.17/turn              (no ring)
MPRegen  0.09/turn              (no ring)

@: confused, brilliant, lethally poisoned (0 -> -1), ambrosia-drunk, repel
missiles
A: large, unfitting armour, claws 3, regeneration 1, shaggy fur 1, tough skin 1
a: Renounce Religion, Wall Jump


You were in an ossuary.
You worshipped Wu Jian.
Wu Jian was pleased with you.
You visited 1 branch of the dungeon, and saw 4 of its levels.
You also visited: Ossuary.

You collected 106 gold pieces.

Inventory:

Missiles
 g - 44 stones (quivered)
Armour
 a - a +0 robe (worn)
 c - a scarf of repulsion (worn)
Scrolls
 b - a scroll of teleportation {unknown}
 d - 2 scrolls of identify {unknown}
 h - a scroll of vulnerability {unknown}
 i - a scroll of immolation {unknown}
Potions
 f - 2 potions of brilliance


   Skills:
 + Level 3.1 Fighting
 + Level 3.1 Dodging
 - Level 1.0 Stealth
 * Level 4.4 Unarmed Combat
 + Level 0.9 Spellcasting
 * Level 1.5 Transmutations


You had 3 spell levels left.
You knew the following spells:

 Your Spells              Type           Power      Damage    Failure   Level
a - Wereblood             Tmut           1%         N/A       41%         2

Your spell library contained the following spells:

 Spells                   Type           Power      Damage    Failure   Level
 Beastly Appendage        Tmut           2%         N/A       30%         1
 Magic Dart               Conj           0%         1d3       50%         1
 Searing Ray              Conj           0%         3d3       65%         2
 Spider Form              Tmut/Pois      0%         N/A       77%         3
 Dazzling Flash           Conj/Hex       0%         N/A       86%         3
 Fulminant Prism          Conj/Hex       0%         3d6       99%         4
 Ice Form                 Ice/Tmut       0%         N/A       99%         4
 Iskenderun's Mystic Bla  Conj/Tloc      0%         2d3       99%         4


Dungeon Overview and Level Annotations

Branches:
Dungeon (4/15)            Ossuary (1/1)
 Temple: D:4-7

Altars:
Hepliaklqana
Wu Jian

Annotations:
D:4 Ijyb


Innate Abilities, Weirdness & Mutations

You are too large for most types of armour.
You have claws for hands.
Your natural rate of healing is unusually fast.
You are covered in fur. (AC +1)
You have tough skin. (AC +1)


Message History

You scratch the scorpion but do no damage.
The scorpion is almost dead.
The scorpion misses you. The hobgoblin zombie barely misses you.
You completely miss the scorpion.
The scorpion is almost dead.
The scorpion stings you.
You are poisoned.
The scorpion poisons you! The gnoll zombie hits you.
The hobgoblin zombie closely misses you.
You closely miss the scorpion.
The scorpion is almost dead.
You feel very sick. The scorpion stings you. The gnoll zombie hits you.
The hobgoblin zombie hits you. The scorpion stings you.
* * * LOW HITPOINT WARNING * * *
You closely miss the scorpion.
The scorpion is almost dead.
You feel sick. The scorpion stings you!
* * * LOW HITPOINT WARNING * * *
The gnoll zombie hits you.
* * * LOW HITPOINT WARNING * * *
Unknown command.
It was a potion of brilliance.
You feel clever all of a sudden.
You feel sick.
The hobgoblin zombie closely misses you.
The scorpion misses you.
It was a potion of ambrosia.
You are confused.
You feel invigorated.
You feel sick. The scorpion stings you.
* * * LOW HITPOINT WARNING * * *
The gnoll zombie closely misses you. The hobgoblin zombie hits you.
* * * LOW HITPOINT WARNING * * *
It was a potion of degeneration.
There was something very wrong with that liquid.
You feel weakened.
You feel dopey.
You feel clumsy.
You feel sick. The scorpion stings you!
* * * LOW HITPOINT WARNING * * *
The gnoll zombie hits you.
You die...

## #########
#...#..Z#...#
#...8..Z@.∩.#
#......s#...#
##8...8###'##
#......Z#...#
+...8...#.∩.#
#...#...#...#
#############


You could see a scorpion, a hobgoblin zombie and a gnoll zombie.

Vanquished Creatures
  2 orc wizards (D:3)
  A mummy (D:4)
  Robin (D:3)
  3 adders (D:2)
  4 worms
  3 dart slugs
  10 orcs (D:3)
  7 bats
  2 endoplasms
  4 giant cockroaches
  16 goblins
  14 hobgoblins
  5 jackals (D:1)
  3 ball pythons
  4 frilled lizards (D:1)
  A hobgoblin zombie (D:4)
  2 kobolds (D:3)
  A kobold zombie (Ossuary)
  An orc zombie (D:4)
  10 rats
94 creatures vanquished.

Notes
Turn   | Place    | Note
-------+----------+-------------------------------------------
     0 | D:1      | Glokmah the Troll Monk began the quest for the Orb.
     0 | D:1      | Reached XP level 1. HP: 22/22 MP: 0/0
    36 | D:1      | Reached XP level 2. HP: 29/29 MP: 1/1
   452 | D:1      | Reached XP level 3. HP: 36/36 MP: 2/2
   455 | D:1      | Learned a level 2 spell: Wereblood
   997 | D:2      | Found a hazy altar of Hepliaklqana.
  1099 | D:2      | Reached XP level 4. HP: 42/44 MP: 3/3
  1370 | D:2      | Reached skill level 4 in Unarmed Combat
  1744 | D:3      | Noticed Robin
  1784 | D:3      | Killed Robin
  1785 | D:3      | Reached skill level 1 in Transmutations
  2003 | D:3      | Found an ornate altar of the Wu Jian Council.
  2047 | D:3      | Became a worshipper of the Wu Jian Council
  2047 | D:3      | Reached * piety under Wu Jian
  2047 | D:3      | Reached ** piety under Wu Jian
  2082 | D:3      | Reached XP level 5. HP: 25/53 MP: 4/4
  2698 | D:4      | Noticed Ijyb
  2705 | D:4      | Found a sand-covered staircase.
  2770 | Ossuary  | Entered an ossuary
  2798 | Ossuary  | HP: 1/53 [scorpion (7)]
  2798 | Ossuary  | Slain by a gnoll zombie

Illustrated notes

Levels and vault maps discovered:
D:1:      eino_arrival_water_star, layout_basic
D:2:      layout_basic, basic_altar
D:3:      wad_river_or_something, layout_basic, overflow_temple_1_default,
          uniq_robin
D:4:      layout_loops_ring, minmay_temple_entry_nine_rooms,
          nicolae_ossuary_entry_giza, uniq_ijyb, uniq_blork_the_orc,
          uniq_eustachio
Ossuary:  ossuary_minmay_scorpions

Skill      XL: |  1  2  3  4 |
---------------+-------------+-----
Unarmed Combat | 4 |  4.4
Transmutations | 1 |  1.5
Fighting       | 3 |  3.1
Dodging        | 3 |  3.1
Stealth        | |  1.0
Spellcasting   | |  0.9

Action                   |  1- 3 |  4- 6 || total
-------------------------+-------+-------++-------
Melee: Unarmed           |    88 |   136 ||   224
       Punch             |     1 |     1 ||     2
Invok: Lunge             |       |     5 ||     5
       Whirlwind         |       |     1 ||     1
  Use: Potion            |       |     3 ||     3
 Stab: Sleeping          |     4 |     7 ||    11
       Distracted        |       |     1 ||     1
Armor: Robe              |    33 |    34 ||    67
Dodge: Dodged            |    33 |    59 ||    92

Table legend: (Time is in decaauts)
 A = Elapsed time spent in this place.
 B = Non-inter-level travel time spent in this place.
 C = Inter-level travel time spent in this place.
 D = Time resting spent in this place.
 E = Time spent auto-exploring this place.
 F = Levels seen in this place.
 G = Mean time per level.
                   A        B        C        D        E       F      G
               +--------+--------+--------+--------+--------+-----+--------+
         Total |   2788 |   2543 |    245 |      0 |   1875 |   5 |  557.6 |
       Dungeon |   2761 |   2516 |    245 |      0 |   1871 |   4 |  690.2 |
       Ossuary |     26 |     26 |      0 |      0 |      4 |   1 |   26.0 |
               +--------+--------+--------+--------+--------+-----+--------+

Top non-repeatable levels by time:
     D:3: 1053 daAuts
     D:1: 912 daAuts
     D:2: 724 daAuts
     D:4: 71 daAuts
 Ossuary: 26 daAuts
